cohdb
Replays
Latest Replays
All Replays
Popular Replays
Top Player Replays
Match Explorer
How It Works
Community
CoH3 Stats
Reddit
Sign in to upload your games and track your stats! →
Sign in with Steam
Match 40973503
Unlisted
Match 40973503
Overview
Messages
Build Orders
End
Panzerpioneer Squad
Panzerpioneer Squad
Selects Armored Support Battlegroup
Panzergrenadier Squad
250 Light Carrier
Panzergrenadier Squad
Construct Light Support Kompanie
Fire Support Elements
Panzerjäger Mechanized Group
Selects Superior Fire Drills
2.5-tonne Medical Truck
Selects Salvage Kits
Flakvierling Half-track
Selects Flammpanzer III Medium Tank
Flammpanzer III Medium Tank
Vehicle Survival Package
Flammpanzer III Medium Tank
Selects Command Panzer IV F Medium Tank
xizi20
Wolfe
0
0
Comments
sign in to comment!
No comments posted yet!